 Dungeon Crawl Stone Soup version 0.21-a0-414-gba8bdf1 (webtiles) character file.

537880 4thArraOfDagon the Black Belt (level 23, -10/235 HPs)
             Began as a Minotaur Ice Elementalist on Nov 1, 2017.
             Was the Champion of the Shining One.
             Killed by divine providence
             ... invoked by a greater mummy
              (16 damage)
             ... on level 3 of the Tomb of the Ancients on Nov 2, 2017.
             The game lasted 03:57:04 (31901 turns).

4thArraOfDagon the Black Belt (MiIE)               Turns: 31901, Time: 03:57:06

Health: -10/235    AC: 32    Str: 20 (21) XL:     23   Next: 70%
Magic:  25/37      EV: 31    Int: 29      God:    the Shining One [******]
Gold:   1034       SH: 15    Dex: 20      Spells: 2/44 levels left

rFire    + + +     SeeInvis .     - Unarmed
rCold    . . .     Gourm    .   y - +0 shield "Qiroqig" {Int+4}
rNeg     + + +     Faith    .   (armour currently unavailable)
rPois    ∞         Spirit   .   (helmet restricted)
rElec    +         Reflect  .   K - +2 cloak of Axatuff {Regen+ Str+3}
rCorr    +         Harm     .   (gloves currently unavailable)
MR       ++...                  (boots currently unavailable)
Stlth    +.........             e - amulet of the Queen {+Rage Int+2 Slay+5}
HPRegen  0.89/turn              L - ring of Vodka {rCorr rElec rPois MR+}
MPRegen  0.25/turn              T - ring "Kustij" {rF+ rN+ Str+4 Int+4}

@: agile, statue-form, silence (expiring), very slightly contaminated, hasted,
glowing, studying Slings
A: retaliatory headbutt, horns 2, fire resistance 2, frail 1, strong 1, subdued
magic 1
}: 5/15 runes: decaying, slimy, silver, abyssal, gossamer
a: End Transformation, Renounce Religion, Evoke Berserk Rage


You were on level 3 of the Tomb of the Ancients.
You worshipped the Shining One.
The Shining One was exalted by your worship.
You were full.
You were a stone statue.
You visited 11 branches of the dungeon, and saw 51 of its levels.
You visited the Abyss 2 times.
You also visited: Labyrinth, Trove, Bailey and Ice Cave.

You collected 6074 gold pieces.
You spent 5040 gold pieces at shops.

Inventory:

Missiles
 k - a throwing net (quivered)
Armour
 v - a +4 troll leather armour (melded)
 y - the +0 shield "Qiroqig" (worn) {Int+4}
   (You found it on level 5 of the Pits of Slime)

   It affects your intelligence (+4).
 F - a +0 pair of gloves (melded)
 K - the +2 cloak of Axatuff (worn) {Regen+ Str+3}
   (You bought it in a shop on level 3 of the Vaults)

   It affects your strength (+3).
   It increases your rate of regeneration.
 R - a +2 pair of boots of flying (melded)
Magical Staves
 g - an uncursed staff of earth
 G - an uncursed staff of wizardry {!a}
Jewellery
 d - the ring of the Stallion {*Tele rPois rF+++ Slay-3 SInv}
   (You found it in a treasure trove)

   [ring of teleportation]

   It may teleport you next to monsters.
   It affects your accuracy and damage with ranged weapons and melee attacks
   (-3).
   It renders you almost immune to fire.
   It protects you from poison.
   It lets you see invisible.
 e - the amulet of the Queen (around neck) {+Rage Int+2 Slay+5}
   (You acquired it on level 3 of the Vaults)

   [amulet of rage]

   It affects your intelligence (+2).
   It affects your accuracy and damage with ranged weapons and melee attacks
   (+5).
   It lets you go berserk.
 h - the ring "Zexkez Kue" {rC+ rN+}
   (You took it off a deep elf high priest on level 3 of the Elven Halls)

   [ring of positive energy]

   It protects you from cold.
   It protects you from negative energy.
 s - an uncursed ring of protection from fire
 A - a +5 ring of intelligence
 L - the ring of Vodka (left hand) {rCorr rElec rPois MR+}
   (You found it in a treasure trove)

   [ring of resist corrosion]

   It insulates you from electricity.
   It protects you from poison.
   It affects your resistance to hostile enchantments.
 T - the ring "Kustij" (right hand) {rF+ rN+ Str+4 Int+4}
   (You found it on level 1 of the Lair of Beasts)

   [ring of positive energy]

   It affects your strength (+4).
   It affects your intelligence (+4).
   It protects you from fire.
   It protects you from negative energy.
Wands
 m - a wand of iceblast (0/15)
 E - a wand of paralysis (0/24)
 H - a wand of digging (0/24)
 M - a wand of acid (5/15)
Scrolls
 a - 6 scrolls of recharging
 j - a scroll of fog
 l - 8 scrolls of teleportation
 o - a scroll of magic mapping
 p - 2 scrolls of summoning
 t - 15 scrolls of remove curse
 w - 3 scrolls of blinking
 B - 3 scrolls of fear
 C - a scroll of holy word
 D - 2 scrolls of identify
 O - 2 scrolls of amnesia
Potions
 b - 2 potions of magic
 i - 12 potions of might
 q - 6 potions of haste
 r - 7 potions of ambrosia
 u - 4 potions of agility
 x - 3 potions of curing
 z - 3 potions of mutation
 I - 3 potions of resistance
 J - 3 potions of berserk rage
 P - 5 potions of flight
 Q - 4 potions of cancellation
 Z - 6 potions of brilliance
Books
 W - a book of the Warp

   Spells                             Type                      Level
   a - Gell's Gravitas                Translocation                3
   b - Portal Projectile              Hexes/Translocation          3
   c - Force Lance                    Conjuration/Translocation    4
   d - Dispersal                      Translocation                6
   e - Controlled Blink               Translocation                8
   f - Disjunction                    Translocation                8
 Y - a manual of Slings
Miscellaneous
 N - a fan of gales
 S - a box of beasts
 V - a lightning rod (4/4)
 X - a lamp of fire
Comestibles
 c - 15 bread rations
 f - 19 meat rations


   Skills:
 - Level 16.3 Fighting
 - Level 4.0 Armour
 - Level 16.0 Dodging
 - Level 1.5 Stealth
 - Level 15.3 Shields
 - Level 20.1 Unarmed Combat
 + Level 11.1 Spellcasting
   Level 0.6 Conjurations
 * Level 13.7 Translocations
 - Level 10.4 Transmutations
   Level 3.5 Ice Magic
 - Level 10.9 Earth Magic
 - Level 13.3 Invocations
 - Level 5.1 Evocations


You had 2 spell levels left.
You knew the following spells:

 Your Spells              Type           Power        Failure   Level  Hunger
a - Passwall              Tmut/Erth      ######....   1%          2    None
b - Apportation           Tloc           ######       0%          1    None
c - Statue Form           Tmut/Erth      ######...    4%          6    #####..
d - Blink                 Tloc           N/A          0%          2    None
e - Lesser Beckoning      Tloc           ######....   0%          3    None
f - Passage of Golubria   Tloc           N/A          1%          4    None
g - Shatter               Erth           ######....   100%        9    #######
h - Lee's Rapid Deconstr  Erth           ######....   1%          5    ###....
i - Swiftness             Chrm/Air       ##......     3%          2    None
j - Controlled Blink      Tloc           N/A          54%         8    #######


Dungeon Overview and Level Annotations

Branches:
Dungeon (15/15)            Temple (1/1) D:5            Lair (6/6) D:11
  Swamp (4/4) Lair:4       Spider (4/4) Lair:3        Slime (5/5) Lair:6
    Orc (2/2) D:10            Elf (3/3) Orc:2        Vaults (5/5) D:13
  Crypt (3/3) Vaults:2       Tomb (3/3) Crypt:3      Depths (0/5) D:15

Altars:
Ashenzari
Cheibriados
Dithmenos
Elyvilon
Fedhas
Gozag
Hepliaklqana
Kikubaaqudgha
Makhleb
Nemelex Xobeh
Okawaru
Qazlal
Ru
Sif Muna
Uskayaw
Vehumet
Wu Jian
Xom
Yredelemnul
Zin
The Shining One
Beogh

Shops:
D:12 *=(?   D:14 *!   Orc:1 :   Orc:2 ((}[   Elf:1 }   Elf:3 *   Vaults:3 [?
Vaults:5 }

Annotations:
D:3 zodiak12's ghost, amateur DsFi
D:6 exclusion: downstairs
D:11 LAIR
Tomb:2 Mara


Innate Abilities, Weirdness & Mutations

You reflexively headbutt those who attack you in melee.
You have a pair of horns on your head.
((You are partially covered in thin metallic scales. (AC +2)))
Your flesh is very heat resistant. (rF++)
You are frail. (-10% HP)
Your muscles are strong. (Str +2)
Your spells are a little easier to cast, but a little less powerful.


Message History

Unknown command.
Okay, then.
Unknown command.
Unknown command.
Okay, then.
Unknown command.
You feel agile all of a sudden. You block the bennu's attack.
The bennu claws you but does no damage. x2
The bennu pecks you!
* * * LOW HITPOINT WARNING * * *
You block the bennu's attack. The bennu claws you.
* * * LOW HITPOINT WARNING * * *
The phantasmal warrior barely misses you.
You furiously retaliate!
You headbutt the phantasmal warrior. The bennu pecks you!
* * * LOW HITPOINT WARNING * * *
The bennu completely misses you. The bennu claws you but does no damage.
The greater mummy points at you and mumbles some strange words.
Something smites you!
You die...

#$/$$$....^.w.##...W
#$$$....^ZZ.^##.....
#$$...W§WW<# .....
#$.!!.z^WW# ....
$..WbWV# #.zbM#
##z###z..
###4MMMz....
#8bMMM8M....
#bbWzZ.......
#.zW4........
#...3.........
#$............
......).......
#.............
#............


You could see 4 greater mummies, 4 bennus, an ancient champion, a mummy priest,
2 skeletal warriors, a flayed ghost, a phantasmal warrior, a hellwing, 2
guardian mummies, an ushabti, an ice devil, a freezing wraith, a sixfirhy, a
vampire (invisible), 2 wraiths, a shadow, a flying skull, a mummy, a wight and a
snapping turtle skeleton.

Vanquished Creatures
  the Royal Jelly (Slime:5)
  Khufu (Crypt:2)
  3 ancient liches
  Mennas (Vaults:3)
  4 greater mummies
  A golden dragon (Vaults:5)
  2 bone dragons (Abyss:3)
  Jorgrun (Vaults:5)
  2 tentacled monstrosities (Vaults:5)
  4 liches
  A deep elf master archer (Elf:3)
  3 deep elf blademasters (Elf:3)
  7 sphinxes
  22 acid blobs
  2 thorn hunters (Swamp:4)
  4 titans (Vaults:5)
  2 tengu reavers (Vaults:5)
  3 ancient champions
  Kirke (Swamp:4)
  4 shadow dragons (Vaults:5)
  4 revenants
  3 frost giants
  6 fire giants
  3 azure jellies (Slime:5)
  An iron dragon (Vaults:5)
  13 deep elf sorcerers
  2 ghost moths (Spider:4)
  9 vault wardens
  A balrug (Abyss:3)
  6 emperor scorpions (Spider:4)
  6 deep elf elementalists
  A curse skull (Crypt:3)
  5 very ugly things
  9 ironheart preservers
  6 war gargoyles
  5 stone giants
  A reaper (Crypt:2)
  5 bennus (Tomb:3)
  9 deep elf annihilators
  An entropy weaver (Vaults:5)
  6 vampire knights
  3 deep elf demonologists
  A dire elephant (Lair:6)
  7 deep elf death magi
  6 ettins
  2 eidola
  A quicksilver dragon zombie (Crypt:3)
  4 deep elf high priests (Elf:3)
  11 jiangshi
  A crystal guardian (Abyss:3)
  4 death oozes (Slime:5)
  10 mummy priests
  8 yaktaur captains
  6 great orbs of eyes
  A fire dragon (shapeshifter) (Vaults:5)
  A quicksilver dragon skeleton (Crypt:1)
  3 ice dragons
  23 vault guards (Vaults:5)
  4 fire dragons
  Harold (Orc:1)
  3 rakshasas
  An ice dragon (shapeshifter) (Vaults:5)
  A naga warrior (Abyss:3)
  A ghost crab (Swamp:2)
  15 hydras
  9 two-headed ogres
  A deep troll earth mage (Vaults:3)
  3 centaur warriors
  A deep troll shaman (Vaults:3)
  3 death knights
  3 tengu warriors (D:15)
  28 death scarabs
  A two-headed ogre (shapeshifter) (Vaults:5)
  11 dancing weapons
  7 death yaks
  6 ogre magi
  2 orc high priests
  3 thrashing horrors (Abyss:3)
  A titan zombie (Crypt:1)
  10 deep elf knights
  4 vampire magi
  2 sun demons (Abyss:3)
  A soul eater (Crypt:2)
  A shock serpent (shapeshifter) (Vaults:5)
  2 wretched stars (Abyss:3)
  A spatial maelstrom (Abyss:3)
  A titan skeleton (Crypt:3)
  12 skeletal warriors
  7 unseen horrors
  A glowing orange brain (Vaults:3)
  7 hell knights (Crypt:3)
  2 flayed ghosts (Crypt:3)
  3 deep trolls (Vaults:3)
  2 wizards (Vaults:3)
  A shadow wraith (Crypt:2)
  10 swamp dragons
  7 ironbrand convokers
  A shambling mangrove (Swamp:4)
  9 deep elf archers
  18 phantasmal warriors
  10 orc knights
  4 harpies (Vaults:2)
  11 orb spiders
  An iron dragon zombie (Crypt:3)
  3 shining eyes
  A wolf spider zombie (Crypt:1)
  5 necromancers
  An orc sorcerer (Elf:1)
  2 oklob plants (Lair:4)
  7 cyclopes
  5 ugly things
  A faun (shapeshifter) (Elf:3)
  A shadow dragon skeleton (Crypt:1)
  16 wolf spiders
  A manticore (D:12)
  2 moths of wrath
  A worldbinder (Abyss:3)
  55 deep elf magi
  A moth of wrath (shapeshifter) (Vaults:5)
  13 elephants
  4 black mambas
  A dire elephant zombie (Crypt:3)
  2 centaur zombies
  A guardian serpent (Abyss:3)
  An ice statue (IceCv)
  A stone giant skeleton (Crypt:3)
  6 vault sentinels
  3 eyes of devastation
  15 spiny frogs
  4 smoke demons
  6 gargoyles
  20 yaktaurs
  A yaktaur (shapeshifter) (Vaults:2)
  3 freezing wraiths (Vaults:5)
  An efreet (Abyss:2)
  A tormentor (Abyss:3)
  12 komodo dragons
  3 rime drakes
  3 demonic crawlers
  A green draconian skeleton (Crypt:2)
  A queen bee (shapeshifter) (Abyss:3)
  2 ice devils (Lair:2)
  13 jumping spiders
  15 guardian mummies
  10 red devils
  5 ancient zymes (Abyss:3)
  A tengu conjurer (D:15)
  A hornet (shapeshifter) (Vaults:5)
  21 polar bears
  4 trolls
  6 hornets
  24 blink frogs
  An ettin zombie (Tomb:1)
  A tyrant leech (Swamp:3)
  77 slime creatures
  A fire dragon zombie (Crypt:3)
  7 hippogriffs
  4 dream sheep (Lair:5)
  A fire giant simulacrum (Crypt:1)
  A hydra skeleton (Crypt:3)
  10 bog bodies
  3 large abominations (Abyss:3)
  21 flying skulls
  2 air elementals
  A frost giant simulacrum (Tomb:1)
  51 redbacks
  7 shadows
  7 starcursed masses (Abyss:3)
  A fire dragon skeleton (Crypt:3)
  A ynoxinul (Abyss:3)
  8 wraiths
  5 vampires (Crypt:3)
  3 wyverns
  2 hogs (Swamp:4)
  4 water elementals
  6 ushabtiu
  A hog (shapeshifter) (Vaults:3)
  2 neqoxecs (Abyss:3)
  A yak (shapeshifter) (Vaults:5)
  2 hungry ghosts (Crypt:3)
  A basilisk (Lair:6)
  25 tarantellas
  A chaos spawn (Abyss:3)
  53 yaks
  2 fire elementals
  A golden eye (shapeshifter) (Vaults:3)
  2 vampire mosquitoes (Swamp:2)
  A black mamba skeleton (Crypt:3)
  A steam dragon (Lair:6)
  A faun zombie (Crypt:2)
  2 spatial vortices (Abyss:3)
  16 swamp worms
  16 wargs
  5 insubstantial wisps (Swamp:2)
  3 nagas (Abyss:3)
  11 water moccasins
  7 acid dragons
  7 porcupines
  15 hell hounds (Lair:6)
  6 swamp drakes
  A deep troll skeleton (Crypt:1)
  2 sky beasts
  12 black bears
  48 orc warriors
  An ice beast (D:13)
  An elephant zombie (Crypt:1)
  3 eyes of draining
  6 necrophages
  A hornet zombie (D:12)
  18 ogres
  3 phantoms
  2 eyes of draining (shapeshifter) (Vaults:2)
  A boggart (Vaults:2)
  A manticore skeleton (Crypt:1)
  A hog zombie (Crypt:1)
  8 centaurs
  52 wolves
  A blink frog skeleton (Crypt:1)
  2 big kobolds (D:9)
  12 crocodiles
  Blork the orc (D:5)
  A wyvern zombie (D:6)
  A yaktaur zombie (Crypt:1)
  17 bullfrogs
  A gnoll sergeant (D:10)
  7 small abominations
  7 earth elementals
  2 wyvern skeletons
  A scorpion (D:11)
  A water moccasin skeleton (D:8)
  8 killer bees
  11 wights
  4 electric eels
  6 howler monkeys
  6 bullfrog zombies
  9 crimson imps
  A quasit (D:10)
  An iron imp (Abyss:3)
  6 hounds
  3 jellies
  26 orc wizards
  A bullfrog skeleton (D:7)
  24 orc priests
  A centaur skeleton (D:7)
  A gnoll shaman (D:8)
  7 iguanas
  Jessica (D:1)
  Natasha (thrice) (D:4)
  8 worker ants
  A polar bear simulacrum (Lair:6)
  2 killer bee zombies
  5 yak simulacra (Lair:6)
  A hound zombie (D:10)
  A dwarf skeleton (Crypt:1)
  A hound skeleton (D:4)
  A howler monkey zombie (D:6)
  20 mummies
  A worker ant zombie (D:8)
  10 gnolls
  13 adders
  3 shadow imps
  A white imp (Abyss:3)
  An adder zombie (D:9)
  An adder skeleton (Crypt:2)
  A worm (shapeshifter) (D:15)
  16 worms
  A barachi skeleton (Crypt:1)
  4 dart slugs
  5 leopard geckos
  110 orcs
  4 ball pythons
  4 giant cockroaches
  12 goblins
  11 hobgoblins
  5 jackals
  3 quokkas
  4 bats
  5 frilled lizards
  A giant cockroach zombie (Crypt:2)
  24 kobolds
  A quokka skeleton (D:4)
  A quokka zombie (D:6)
  6 rats
  3 rat zombies (D:3)
  5 river rat simulacra (Lair:6)
  A briar patch (Swamp:4)
  A lurking horror (Abyss:3)
  4 plants
1846 creatures vanquished.

Vanquished Creatures (collateral kills)
  A deep elf master archer (Elf:3)
  2 acid blobs (Slime:5)
  An azure jelly (Slime:5)
  The ghost of MirrMurr the Phalangite, a journeyman MfBe of Trog (Orc:2)
  A deep elf sorcerer (Elf:3)
  An orc warlord (Bailey)
  An ironheart preserver (Vaults:3)
  A deep elf annihilator (Elf:3)
  A minotaur (Lab)
  2 fire dragons (D:15)
  A vault guard (Vaults:5)
  A centaur warrior (D:13)
  A shadow wraith (D:13)
  An iron troll (D:13)
  3 orc knights
  A shining eye (Slime:5)
  3 ugly things (D:14)
  2 orb spiders
  2 cyclopes (D:13)
  A black mamba (shapeshifter) (D:13)
  A small abomination (Elf:3)
  3 meliai (D:13)
  A troll (D:12)
  A slime creature (Slime:5)
  2 hippogriffs (D:13)
  A spriggan (shapeshifter) (D:13)
  6 orc warriors
  3 orc priests
  An orc wizard (D:13)
  5 orcs
  A goblin (Bailey)
53 creatures vanquished.

Vanquished Creatures (others)
  A revenant (Tomb:2)
  21 death scarabs (Tomb:2)
  A spiny frog (Swamp:2)
  A guardian mummy (Tomb:2)
  A jumping spider (Spider:2)
  8 flying skulls (Tomb:2)
  2 humans (Swamp:4)
  An ogre (Vaults:5)
  An orc priest (Elf:1)
  A mummy (Tomb:2)
  An orc (Orc:1)
  A briar patch (Swamp:4)
  5 fungi
  A lurking horror (Abyss:3)
  18 plants
64 creatures vanquished.

Grand Total: 1963 creatures vanquished

Notes
Turn   | Place    | Note
-------+----------+-------------------------------------------
     0 | D:1      | 4thArraOfDagon the Minotaur Ice Elementalist began the quest for the Orb.
     0 | D:1      | Reached XP level 1. HP: 14/14 MP: 1/1
   144 | D:1      | Reached skill level 1 in Fighting
   356 | D:1      | Reached XP level 2. HP: 18/24 MP: 3/3
   403 | D:1      | Learned a level 2 spell: Throw Frost
   576 | D:1      | Reached skill level 1 in Unarmed Combat
  1130 | D:2      | Noticed Jessica
  1147 | D:2      | Reached XP level 3. HP: 24/29 MP: 0/4
  1210 | D:1      | Killed Jessica
  1210 | D:1      | Reached skill level 2 in Unarmed Combat
  1265 | D:2      | Reached XP level 4. HP: 32/37 MP: 0/5
  1773 | D:3      | Reached XP level 5. HP: 36/44 MP: 4/6
  1779 | D:3      | Reached skill level 3 in Unarmed Combat
  2101 | D:3      | Noticed zodiak12's ghost (amateur DsFi)
  2249 | D:2      | Found a basalt altar of Yredelemnul.
  2551 | D:5      | Entered Level 5 of the Dungeon
  2560 | D:5      | Reached XP level 6. HP: 37/51 MP: 5/7
  2598 | D:5      | Reached skill level 4 in Unarmed Combat
  2605 | D:5      | Found a staircase to the Ecumenical Temple.
  2648 | Temple   | Entered the Ecumenical Temple
  2742 | Temple   | Became a worshipper of the Shining One
  3134 | D:5      | Reached skill level 1 in Armour
  3134 | D:5      | Reached skill level 1 in Invocations
  3273 | D:4      | Found an iron altar of Okawaru.
  3277 | D:4      | Found a burning altar of Makhleb.
  3280 | D:4      | Found a blossoming altar of Fedhas.
  3308 | D:4      | Noticed Natasha
  3318 | D:4      | Killed Natasha
  3318 | D:4      | Reached XP level 7. HP: 58/59 MP: 3/8
  3361 | D:4      | Reached skill level 5 in Unarmed Combat
  3758 | D:3      | Reached * piety under the Shining One
  3772 | D:3      | Found an ancient bone altar of Kikubaaqudgha.
  3843 | D:4      | Noticed Natasha
  3854 | D:4      | Killed Natasha
  3862 | D:4      | Found a shattered altar of Ashenzari.
  3975 | D:4      | Noticed Natasha
  3981 | D:4      | Killed Natasha
  4206 | D:6      | Reached skill level 5 in Fighting
  4206 | D:6      | Reached skill level 6 in Unarmed Combat
  4246 | D:6      | Reached XP level 8. HP: 57/68 MP: 2/9
  4451 | D:6      | Gained mutation: Your magical capacity is low. (-10% MP) [mutagenic meat]
  4452 | D:6      | Gained mutation: You have supernaturally acute eyesight. (SInv) [mutagenic meat]
  4453 | D:6      | Gained mutation: Your spells are a little harder to cast, but a little more powerful. [mutagenic meat]
  4454 | D:6      | Gained mutation: You do not regenerate when monsters are visible. [mutagenic meat]
  4554 | D:6      | Reached ** piety under the Shining One
  4644 | D:6      | Reached skill level 7 in Unarmed Combat
  5252 | D:6      | Reached skill level 5 in Dodging
  5547 | D:5      | Noticed Blork the orc
  5633 | D:5      | Killed Blork the orc
  5633 | D:5      | Reached skill level 8 in Unarmed Combat
  5755 | D:7      | Reached XP level 9. HP: 59/78 MP: 8/8
  5902 | D:8      | Reached *** piety under the Shining One
  5979 | D:8      | Noticed a two-headed ogre
  6309 | D:7      | Gained mutation: Your magical capacity is very low. (-20% MP) [mutagenic meat]
  6310 | D:7      | Gained mutation: You possess an exceptional clarity of mind. [mutagenic meat]
  6311 | D:7      | Lost mutation: You possess an exceptional clarity of mind. [mutagenic meat]
  6312 | D:7      | Lost mutation: Your magical capacity is very low. (-20% MP) [mutagenic meat]
  6589 | D:7      | Reached skill level 9 in Unarmed Combat
  6837 | D:8      | Noticed a two-headed ogre
  7145 | D:9      | Reached **** piety under the Shining One
  7203 | D:9      | Reached skill level 10 in Unarmed Combat
  7218 | D:9      | Reached XP level 10. HP: 56/88 MP: 10/10
  7299 | D:9      | Found a snail-covered altar of Cheibriados.
  7600 | D:10     | Entered Level 10 of the Dungeon
  7684 | D:10     | Reached skill level 11 in Unarmed Combat
  7866 | D:10     | Found a staircase to the Orcish Mines.
  7890 | D:10     | Reached skill level 5 in Invocations
  8360 | D:10     | Reached ***** piety under the Shining One
  8399 | D:10     | Found a glowing golden altar of the Shining One.
  8516 | D:11     | Noticed a green ugly thing
  8599 | D:11     | Reached skill level 12 in Unarmed Combat
  8631 | D:11     | Noticed an unseen horror
  8641 | D:11     | Killed an unseen horror
  8641 | D:11     | Reached XP level 11. HP: 67/99 MP: 13/13
  8740 | D:11     | Killed a green ugly thing
  8748 | D:11     | Noticed a two-headed ogre
  8763 | D:11     | Reached skill level 10 in Fighting
  8770 | D:11     | Killed a two-headed ogre
  9060 | D:12     | Noticed a seven-headed hydra
  9240 | D:12     | Found an opulent altar of Gozag.
  9382 | D:12     | Reached skill level 13 in Unarmed Combat
  9414 | D:12     | Killed a seven-headed hydra
  9512 | D:12     | Found Osyhar's General Store.
  9669 | D:12     | Bought a scroll of teleportation for 39 gold pieces
  9669 | D:12     | Bought a potion of heal wounds for 65 gold pieces
  9688 | D:12     | Noticed an orc knight
  9694 | D:12     | Found Amowuso's Jewellery Shop.
  9717 | D:12     | Killed an orc knight
  9846 | D:12     | Found Ixorag's Antique Weapon Shop.
  9864 | D:12     | Found Wanul's Magic Scroll Shoppe.
  9867 | D:12     | Bought a scroll of blinking for 97 gold pieces
  9867 | D:12     | Bought a scroll of magic mapping for 45 gold pieces
  9867 | D:12     | Bought a scroll of teleportation for 39 gold pieces
  9867 | D:12     | Bought a scroll of identify for 26 gold pieces
  9867 | D:12     | Bought a scroll of identify for 26 gold pieces
 10228 | D:12     | Found a transporter.
 10362 | D:13     | Reached skill level 14 in Unarmed Combat
 10362 | D:13     | Reached XP level 12. HP: 110/110 MP: 15/15
 10517 | D:13     | Noticed a centaur warrior
 10701 | D:14     | Found Arghuetsi's Distillery.
 10704 | D:14     | Bought a potion of flight for 48 gold pieces
 10704 | D:14     | Bought a potion of might for 64 gold pieces
 10704 | D:14     | Bought a potion of mutation for 128 gold pieces
 10704 | D:14     | Lost mutation: Your spells are a little harder to cast, but a little more powerful. [potion of mutation]
 10704 | D:14     | Lost mutation: You do not regenerate when monsters are visible. [potion of mutation]
 10704 | D:14     | Lost mutation: Your magical capacity is low. (-10% MP) [potion of mutation]
 10704 | D:14     | Gained mutation: You are frail. (-10% HP) [potion of mutation]
 10704 | D:14     | Gained mutation: Armour fits poorly on your strangely shaped body. [potion of mutation]
 10704 | D:14     | Gained mutation: You are partially covered in thin metallic scales. (AC +2) [potion of mutation]
 10743 | D:14     | Found a glowing golden altar of the Shining One.
 10757 | D:14     | Found Goaron's Pet Rocks.
 10778 | D:14     | Noticed a centaur warrior
 10790 | D:14     | Killed a centaur warrior
 10795 | D:14     | Found a labyrinth entrance.
 10805 | Lab      | Entered a labyrinth
 10923 | Lab      | Noticed a minotaur
 10935 | Lab      | Killed a minotaur
 10998 | D:14     | Found a flagged portal.
 11007 | Bailey   | Entered a bailey
 11012 | Bailey   | Noticed an orc warlord
 11088 | Bailey   | Found a runed gate.
 11088 | Bailey   | Found a runed gate.
 11090 | Bailey   | Found a runed gate.
 11176 | Bailey   | Killed an orc warlord
 11200 | Bailey   | Identified 3 scrolls of acquirement
 11208 | Bailey   | Identified the ring of Wotzeep {rCorr rPois} (You acquired it in a bailey)
 11319 | D:13     | Got a slimy iron amulet
 11320 | D:13     | Identified the amulet "Kipsoafi" {Faith rC+} (You acquired it on level 13 of the Dungeon)
 11410 | D:13     | Killed a centaur warrior
 11428 | D:13     | Reached skill level 15 in Unarmed Combat
 11498 | D:13     | Found a gate to the Vaults.
 11580 | D:13     | Found a portal to a secret trove of treasure.
 11953 | D:15     | Entered Level 15 of the Dungeon
 12068 | D:15     | Gained mutation: You tend to lose your temper in combat. [mutagenic meat]
 12135 | D:15     | Noticed a tengu warrior
 12157 | D:15     | Killed a tengu warrior
 12191 | D:15     | Lost mutation: You tend to lose your temper in combat. [potion of mutation]
 12191 | D:15     | Lost mutation: Armour fits poorly on your strangely shaped body. [potion of mutation]
 12191 | D:15     | Gained mutation: You are resistant to hostile enchantments. (MR+) [potion of mutation]
 12240 | D:15     | Noticed a tengu warrior
 12256 | D:15     | Killed a tengu warrior
 12259 | D:15     | Noticed a tengu warrior
 12274 | D:15     | Killed a tengu warrior
 12274 | D:15     | Reached XP level 13. HP: 88/106 MP: 18/18
 12436 | D:15     | Noticed a fire dragon
 12459 | D:15     | Killed a fire dragon
 12524 | D:15     | Noticed a fire dragon
 12549 | D:15     | Killed a fire dragon
 12580 | D:15     | Found a staircase to the Depths.
 12760 | D:14     | Reached skill level 16 in Unarmed Combat
 12796 | D:14     | Bought a potion of haste for 160 gold pieces
 13050 | D:14     | Gained mutation: You occasionally shout uncontrollably at your foes. [mutagenic meat]
 13051 | D:14     | Lost mutation: You are resistant to hostile enchantments. (MR+) [mutagenic meat]
 13052 | D:14     | Gained mutation: Your flesh is heat resistant. (rF+) [mutagenic meat]
 13193 | D:12     | Found a roughly hewn altar of Beogh.
 13246 | D:12     | Learned a level 6 spell: Statue Form
 13257 | D:12     | Found a transporter.
 13337 | Orc:1    | Entered Level 1 of the Orcish Mines
 13337 | Orc:1    | Noticed Harold
 13351 | Orc:1    | Killed Harold
 13360 | Orc:1    | Reached skill level 1 in Transmutations
 13364 | Orc:1    | Reached skill level 1 in Earth Magic
 13505 | Orc:2    | Entered Level 2 of the Orcish Mines
 13617 | Orc:2    | Found a staircase to the Elven Halls.
 13929 | Orc:1    | Found Apnuricveg's Book Shop.
 14266 | Orc:2    | Noticed MirrMurr's ghost (journeyman MfBe)
 14298 | Orc:2    | :O
 14772 | Orc:2    | Found Xeicamax's Armour Shoppe.
 14772 | Orc:2    | Found Ponnuvvy's Gadget Shop.
 14819 | Orc:2    | Found a roughly hewn altar of Beogh.
 15109 | Orc:2    | Found Leusex's Antique Weapon Shop.
 15109 | Orc:2    | Found Qickiaru's Antique Weapon Shoppe.
 15251 | Orc:2    | Bought a wand of digging (14/24) for 504 gold pieces
 15367 | D:12     | Bought a potion of experience for 650 gold pieces
 15367 | D:12     | Reached skill level 5 in Spellcasting
 15367 | D:12     | Reached XP level 14. HP: 113/113 MP: 20/20
 15419 | D:11     | Found a staircase to the Lair.
 15437 | Lair:1   | Entered Level 1 of the Lair of Beasts
 15646 | Lair:1   | Got a pitted trident
 15653 | Lair:1   | Identified the +1 trident "Tooq Med" {freeze, rPois MP+9 Str+4 Int-3} (You found it on level 1 of the Lair of Beasts)
 15664 | Lair:1   | Reached skill level 5 in Transmutations
 15694 | Lair:1   | Reached skill level 5 in Earth Magic
 15814 | Lair:1   | Got a steaming golden ring
 15816 | Lair:1   | Identified the ring "Kustij" {rF+ rN+ Str+4 Int+4} (You found it on level 1 of the Lair of Beasts)
 16191 | Lair:2   | Found a frozen archway.
 16209 | IceCv    | Entered an ice cave
 16230 | IceCv    | Reached XP level 15. HP: 113/119 MP: 22/22
 16870 | IceCv    | Noticed a frost giant
 16887 | IceCv    | Killed a frost giant
 16915 | IceCv    | Identified Wirchulo's Grimoire of Evolution
 17441 | Lair:3   | Found a hole to the Spider Nest.
 18583 | Lair:6   | Entered Level 6 of the Lair of Beasts
 18729 | Lair:6   | Learned a level 2 spell: Blink
 18733 | Lair:6   | Learned a level 3 spell: Lesser Beckoning
 18738 | Lair:6   | Learned a level 4 spell: Passage of Golubria
 18801 | Lair:6   | Reached ****** piety under the Shining One
 19380 | Lair:6   | Reached XP level 16. HP: 125/125 MP: 21/25
 19841 | Lair:6   | Learned a level 9 spell: Shatter
 20102 | D:12     | Bought a +5 ring of intelligence for 453 gold pieces
 20211 | Orc:2    | Killed MirrMurr's ghost
 20212 | Orc:2    | RIP bud
 20243 | Elf:1    | Entered Level 1 of the Elven Halls
 20368 | Elf:1    | Identified the cursed +1 quarterstaff of Bengorhi {speed, -Tele rN+ Str+7 Int-3 Dex+4} (You found it on level 1 of the Elven Halls)
 20377 | Elf:1    | Found Dureuk's Gadget Emporium.
 20405 | Elf:3    | Entered Level 3 of the Elven Halls
 20497 | Elf:3    | Found Qeruboy's Assorted Antiques.
 20523 | Elf:3    | Bought a scroll of blinking for 277 gold pieces
 20848 | Elf:3    | Gained mutation: You tend to lose your temper in combat. [mutagenic meat]
 20852 | Elf:3    | Lost mutation: You tend to lose your temper in combat. [potion of mutation]
 20852 | Elf:3    | Lost mutation: You occasionally shout uncontrollably at your foes. [potion of mutation]
 20852 | Elf:3    | Gained mutation: Your flesh is very heat resistant. (rF++) [potion of mutation]
 20852 | Elf:3    | Gained mutation: Your muscles are strong. (Str +2) [potion of mutation]
 20852 | Elf:3    | Gained mutation: Your movements are slightly less encumbered by armour. (ER -2) [potion of mutation]
 21099 | Elf:3    | Reached skill level 10 in Transmutations
 21114 | Elf:3    | Noticed a deep elf blademaster
 21122 | Elf:3    | Killed a deep elf blademaster
 21122 | Elf:3    | Reached skill level 10 in Earth Magic
 21222 | Elf:3    | Noticed a deep elf blademaster
 21243 | Elf:3    | Killed a deep elf blademaster
 21289 | Elf:3    | Noticed a deep elf blademaster
 21302 | Elf:3    | Killed a deep elf blademaster
 21536 | Elf:3    | Cast into level 2 of the Abyss (a deep elf sorcerer)
 21537 | Abyss:2  | yes!
 21720 | Abyss:3  | Found a corrupted altar of Lugonu.
 21742 | Abyss:3  | Gained mutation: Your spells are a little easier to cast, but a little less powerful. [a neqoxec]
 21743 | Abyss:3  | Gained mutation: You are very frail. (-20% HP) [a neqoxec]
 21767 | Elf:3    | Escaped the Abyss
 21775 | Elf:3    | Noticed a deep elf master archer
 21782 | Elf:3    | Killed a deep elf master archer
 21782 | Elf:3    | Reached XP level 17. HP: 81/118 MP: 28/28
 21913 | Elf:3    | Got an encrusted leather armour
 21924 | Elf:3    | Noticed a deep elf master archer
 21931 | Elf:3    | Killed a deep elf master archer
 21942 | Elf:3    | Identified the +2 leather armour "Sulit" {-Tele Str+4 Dex+4} (You took it off a deep elf sorcerer on level 3 of the Elven Halls)
 21983 | Elf:3    | Got a fabulously ornate robe
 21983 | Elf:3    | Got a scintillating platinum ring
 21992 | Elf:3    | Reached skill level 10 in Invocations
 22009 | Elf:3    | Reached skill level 17 in Unarmed Combat
 22053 | Elf:3    | Learned a level 5 spell: Lee's Rapid Deconstruction
 22080 | Elf:3    | Identified the ring "Zexkez Kue" {rC+ rN+} (You took it off a deep elf high priest on level 3 of the Elven Halls)
 22081 | Elf:3    | Identified the cursed -5 robe of Misfortune {-Cast *Contam *Tele *Drain EV-5 Stlth-- *Curse} (You took it off a deep elf high priest on level 3 of the Elven Halls)
 22494 | Elf:1    | Reached skill level 10 in Dodging
 22625 | Elf:2    | Identified the +0 scale mail "Poer" {Dex+6} (You found it on level 2 of the Elven Halls)
 22968 | Elf:1    | Cast into level 3 of the Abyss (a deep elf demonologist)
 23001 | Abyss:3  | Got a twisted buckler
 23002 | Abyss:3  | Identified the cursed -4 buckler of Magic {rElec Dex+4} (You found it on level 3 of the Abyss)
 23051 | Abyss:3  | Learned a level 1 spell: Apportation
 23055 | Abyss:3  | Learned a level 2 spell: Passwall
 23109 | Abyss:3  | Noticed a bone dragon
 23118 | Abyss:3  | Killed a bone dragon
 23140 | Abyss:3  | Found a snail-covered altar of Cheibriados.
 23143 | Abyss:3  | Noticed a bone dragon
 23148 | Abyss:3  | Reached skill level 15 in Dodging
 23162 | Abyss:3  | Killed a bone dragon
 23164 | Abyss:3  | Got an abyssal rune of Zot
 23171 | Elf:1    | Escaped the Abyss
 23173 | Elf:1    | Noticed a Tzitzimitl
 23309 | Elf:1    | Reached XP level 18. HP: 125/125 MP: 23/29
 23552 | D:13     | You showed the abyssal rune of Zot to enter a treasure trove
 23553 | Trove    | Entered a treasure trove
 23558 | Trove    | Got a slimy ivory ring
 23561 | Trove    | Got a pitted diamond amulet
 23566 | Trove    | Got a heavily runed lead ring
 23569 | Trove    | Got a sparkling jade ring
 23571 | Trove    | Identified the amulet "Budghan" {+Blink +Rage Str+2} (You found it in a treasure trove)
 23573 | Trove    | Identified the amulet "Nealiaki" {Reflect Str+4 Dex+6 SH+4} (You found it in a treasure trove)
 23577 | Trove    | Got a vibrating glass ring
 23579 | Trove    | Got a smoking lapis lazuli ring
 23581 | Trove    | Identified the ring of Viarra {rPois Int+3} (You found it in a treasure trove)
 23583 | Trove    | Identified the ring of the Stallion {*Tele rPois rF+++ Slay-3 SInv} (You found it in a treasure trove)
 23585 | Trove    | Identified the ring of Generosity {Wiz rElec rPois} (You found it in a treasure trove)
 23587 | Trove    | Identified the ring of Vodka {rCorr rElec rPois MR+} (You found it in a treasure trove)
 23589 | Trove    | Identified the ring of the King {*Drain rC+ Str+3 Stlth+} (You found it in a treasure trove)
 23744 | Spider:1 | Entered Level 1 of the Spider Nest
 23761 | Spider:1 | Reached skill level 1 in Translocations
 24279 | Spider:2 | You fall through a shaft!
 24476 | Spider:4 | Entered Level 4 of the Spider Nest
 24695 | Spider:4 | Upgraded the game from 0.21-a0-405-gf2af9a1 to 0.21-a0-414-gba8bdf1
 24900 | Spider:4 | Got a gossamer rune of Zot
 25260 | Lair:4   | Found a staircase to the Swamp.
 25274 | Swamp:1  | Entered Level 1 of the Swamp
 25435 | Swamp:2  | Reached skill level 18 in Unarmed Combat
 25444 | Swamp:2  | Found a shattered altar of Ashenzari.
 25531 | Swamp:2  | Reached skill level 1 in Evocations
 25539 | Swamp:2  | Lost mutation: Your movements are slightly less encumbered by armour. (ER -2) [mutagenic meat]
 25540 | Swamp:2  | Gained mutation: Your body sometimes deteriorates upon taking damage. [mutagenic meat]
 25541 | Swamp:2  | Gained mutation: Your mind is acute. (Int +2) [mutagenic meat]
 25542 | Swamp:2  | Gained mutation: Your muscles are very strong. (Str +4) [mutagenic meat]
 25621 | Swamp:4  | Entered Level 4 of the Swamp
 25800 | Swamp:4  | Reached skill level 5 in Translocations
 25813 | Swamp:4  | Noticed Kirke
 25822 | Swamp:4  | Killed Kirke
 25850 | Swamp:4  | Reached XP level 19. HP: 127/133 MP: 19/30
 25883 | Swamp:4  | Got a decaying rune of Zot
 26149 | Swamp:1  | Learned a level 2 spell: Swiftness
 26315 | Lair:6   | Found a staircase to the Slime Pits.
 26325 | Slime:1  | Entered Level 1 of the Pits of Slime
 26331 | Slime:2  | Gained mutation: Your body often deteriorates upon taking damage. [a shining eye]
 26623 | Slime:5  | Entered Level 5 of the Pits of Slime
 27016 | Slime:5  | Noticed the Royal Jelly
 27054 | Slime:5  | Reached skill level 19 in Unarmed Combat
 27057 | Slime:5  | Killed the Royal Jelly
 27323 | Slime:5  | Identified the amulet "Zantod" {Regen+ Str+8} (You found it on level 5 of the Pits of Slime)
 27329 | Slime:5  | Identified the cursed +0 shield "Qiroqig" {Int+4} (You found it on level 5 of the Pits of Slime)
 27360 | Slime:5  | Got a slimy rune of Zot
 27399 | Slime:5  | Identified the ring "Durekhie" {rCorr +Fly Str-3 Int-4 Stlth+} (You found it on level 5 of the Pits of Slime)
 27493 | Lair:4   | Lost mutation: You are very frail. (-20% HP) [potion of mutation]
 27493 | Lair:4   | Lost mutation: You have supernaturally acute eyesight. (SInv) [potion of mutation]
 27493 | Lair:4   | Lost mutation: Your body often deteriorates upon taking damage. [potion of mutation]
 27493 | Lair:4   | Lost mutation: Your muscles are very strong. (Str +4) [potion of mutation]
 27493 | Lair:4   | Gained mutation: You have sharp toenails. [potion of mutation]
 27636 | Orc:1    | Bought a book of the Warp for 1170 gold pieces
 27751 | Vaults:1 | Entered Level 1 of the Vaults
 27825 | Vaults:1 | Reached skill level 1 in Shields
 27846 | Vaults:2 | Reached skill level 15 in Fighting
 27875 | Vaults:2 | Reached XP level 20. HP: 160/160 MP: 28/31
 27880 | Vaults:2 | Reached skill level 5 in Evocations
 28156 | Vaults:3 | Found Pulei's Antique Armour Shoppe.
 28165 | Vaults:3 | Bought a distressingly furry cloak for 304 gold pieces
 28165 | Vaults:3 | Identified the +2 cloak of Axatuff {Regen+ Str+3} (You bought it in a shop on level 3 of the Vaults)
 28201 | Vaults:3 | Gained mutation: You are resistant to electric shocks. (rElec) [mutagenic meat]
 28202 | Vaults:3 | Lost mutation: Your body sometimes deteriorates upon taking damage. [mutagenic meat]
 28203 | Vaults:3 | Lost mutation: You have sharp toenails. [mutagenic meat]
 28454 | Vaults:5 | Entered Level 5 of the Vaults
 28492 | Vaults:5 | Reached skill level 5 in Shields
 28696 | Vaults:5 | Identified the Compendium of Enchantment
 28884 | Vaults:5 | Reached skill level 20 in Unarmed Combat
 28962 | Vaults:5 | Found Duti's Gadget Shop.
 28982 | Vaults:5 | Noticed an ancient lich
 28989 | Vaults:5 | Killed an ancient lich
 28989 | Vaults:5 | Reached XP level 21. HP: 168/168 MP: 26/32
 29160 | Vaults:5 | Noticed Jorgrun
 29171 | Vaults:5 | Killed Jorgrun
 29326 | Vaults:5 | Reached skill level 10 in Shields
 29384 | Vaults:5 | Reached skill level 10 in Translocations
 29385 | Vaults:5 | Noticed a golden dragon
 29389 | Vaults:5 | Killed a golden dragon
 29490 | Vaults:5 | Got a silver rune of Zot
 29654 | Vaults:3 | Noticed Mennas
 29698 | Vaults:3 | Killed Mennas
 29835 | Vaults:3 | Found Qistrop Romea's Magic Scroll Shoppe.
 29861 | Vaults:3 | Bought a scroll of teleportation for 45 gold pieces
 29861 | Vaults:3 | Bought a scroll of acquirement for 780 gold pieces
 29861 | Vaults:3 | Bought a scroll of teleportation for 45 gold pieces
 29861 | Vaults:3 | Bought a scroll of teleportation for 45 gold pieces
 29861 | Vaults:3 | Bought a scroll of fog for 30 gold pieces
 29862 | Vaults:3 | Identified the amulet of the Queen {+Rage Int+2 Slay+5} (You acquired it on level 3 of the Vaults)
 29971 | Vaults:3 | Reached XP level 22. HP: 175/175 MP: 34/34
 30396 | Vaults:2 | Found a staircase to the Crypt.
 30416 | Crypt:1  | Entered Level 1 of the Crypt
 30574 | Crypt:3  | Entered Level 3 of the Crypt
 30586 | Crypt:2  | Noticed Khufu
 30592 | Crypt:2  | Killed Khufu
 30602 | Crypt:2  | Paralysed by a vampire knight for 4 turns
 30789 | Crypt:3  | Found an ancient bone altar of Kikubaaqudgha.
 30796 | Crypt:3  | Reached skill level 10 in Spellcasting
 30800 | Crypt:3  | Noticed an ancient lich
 30801 | Crypt:3  | Killed an ancient lich
 30808 | Crypt:3  | Noticed an ancient lich
 30811 | Crypt:3  | Paralysed by an ancient lich for 7 turns
 30820 | Crypt:3  | Killed an ancient lich
 31212 | Crypt:3  | Reached XP level 23. HP: 181/181 MP: 36/36
 31289 | Crypt:3  | Identified the Handbook of Poisonous Calling
 31292 | Crypt:3  | Found a staircase to the Tomb.
 31303 | Tomb:1   | Entered Level 1 of the Tomb of the Ancients
 31356 | Tomb:1   | Reached skill level 15 in Shields
 31502 | Tomb:1   | Learned a level 8 spell: Controlled Blink
 31527 | Tomb:1   | Noticed a greater mummy
 31533 | Tomb:1   | Noticed a greater mummy
 31537 | Tomb:1   | Killed a greater mummy
 31543 | Tomb:1   | Killed a greater mummy
 31616 | Tomb:1   | Noticed a greater mummy
 31630 | Tomb:1   | Killed a greater mummy
 31677 | Tomb:2   | Noticed an ancient lich
 31679 | Tomb:2   | Noticed a greater mummy
 31747 | Tomb:2   | Noticed a greater mummy
 31761 | Tomb:2   | Killed a greater mummy
 31776 | Tomb:2   | Noticed Mara
 31867 | Tomb:3   | Entered Level 3 of the Tomb of the Ancients
 31883 | Tomb:3   | Lost mutation: Your mind is acute. (Int +2) [the power of Zot]
 31888 | Tomb:3   | Noticed a greater mummy
 31889 | Tomb:3   | Lost mutation: You are resistant to electric shocks. (rElec) [the power of Zot]
 31890 | Tomb:3   | Noticed a greater mummy
 31890 | Tomb:3   | Noticed a greater mummy
 31900 | Tomb:3   | Noticed a greater mummy
 31901 | Tomb:3   | HP: 6/235 [bennu (13)]
 31901 | Tomb:3   | Killed from afar by a greater mummy

Vault maps used:
D:1:      dpeg_arrival_rooms_a, fountainhead, minmay_lizard_king
D:2:      wad_pebble_path, yredelemnul_altar_generic, uniq_jessica,
          uniq_crazy_yiuf_cottage
D:3:      lemuel_zombie_altar_kikubaaqudgha
D:4:      minmay_overflow_temple_star_quad, evilmike_ruin_ashenzari,
          first_bread, uniq_natasha
D:5:      minmay_temple_entry_crystal_x, minmay_misc_feat_plants,
          uniq_blork_the_orc
D:6:      minmay_misc_feat_encased, grunt_ministairs_9, serial_bayou_crossing
D:7:      cheibrodos_two_vegetables, minmay_misc_feat_enclosed
D:8:      makhleb_blood_cavern_becter
D:9:      kennysheep_little_box, blue_anna_alchemist
D:10:     orc_0_dummy, tso_altar
D:11:     david_lair_shrubbed
D:12:     gammafunk_beogh_shrine, serial_shops, shop, kennysheep_mini_moat,
          shop_fountains, shop, minivault_23, nicolae_gozag_seed_capital
D:13:     david_vaults_4, nicolae_trove_entry_crystal
D:14:     lab_entry_generic, basic_altar, serial_shops,
          nicolae_shop_behind_doors, enter_bailey_2, guppyfry_shop_earth
D:15:     grunt_enter_depths_hoard, grunt_decor_one_mirror, roderic_lattice_a
Temple:   regret_index_temple_generic_petals
Lair:1:   minmay_lair_oklob_items, worms_lemuel, serial_bayou_shore_b
Lair:2:   portal_ice_cave_demonic_guard, roderic_carrion_pond
Lair:3:   spider_nest_entry_web_field
Lair:4:   swamp_mist, grunt_megastairs_5, infiniplex_staircase_pool_2,
          minmay_lair_oklob_chamber
Lair:5:   serial_bayou_ford_a
Lair:6:   guppyfry_lair_end_dragon, hangedman_lair_caniforms_friends,
          dpeg_slime_entry_corner, eino_house_with_fridge,
          infiniplex_staircase_pool
Swamp:1:  evilmike_swamp_ruin_house_1
Swamp:2:  nicolae_swamp_feature_on_the_river_bank, swamp_pool4
Swamp:3:  serial_swamp_ruin, evilmike_swamp_ruin_house_6,
          evilmike_swamp_ruin_house_3, evilmike_swamp_ruin_rubble_2,
          swamp_pool4, hangedman_swamp_pad
Swamp:4:  swamp_alternative, uniq_kirke
Spider:2: uniq_aizul
Spider:3: nicolae_spider_shape
Spider:4: grunt_spider_rune_circles, minmay_another_anthill, uniq_arachne
Slime:4:  basic_altar
Orc:1:    serial_shops, nicolae_shop_waterfront, uniq_harold
Orc:2:    st_orc_town
Elf:1:    eino_elf_arrival_the_gate, serial_shops, shop_statue,
          hangedman_elf_represent, st_stairs_1, minivault_25
Elf:2:    nicolae_elf_big_sculpture_3
Elf:3:    minmay_elf_hall_furrowed, serial_shops, nicolae_shop_crystal,
          serial_co_window_serial, co_window_corner_a, co_window_paths_b,
          co_window_of_opportunity_a, co_window_paths_a, co_window_paths_b,
          co_window_corner_b, co_window_corner_b, co_window_2corner,
          glass_columns_b, glass_columns_b, glass_columns_a, glass_columns_b,
          glass_columns_a, abandoned_shop
Vaults:1: nicolae_vaults_sealed_display, hangedman_vaults_nails,
          vaults_room_ringed_pool, v_misc_13, hangedman_vaults_stagger,
          v_misc_29, st_cells, ontoclasm_vaults_ring_small, v_alt_pattern_5,
          vaults_room_grid, hangedman_vaults_locks
Vaults:2: ontoclasm_vaults_spin, ontoclasm_vaults_fault,
          hangedman_vaults_cutoff, minmay_crypt_entry_simple_round,
          ontoclasm_vaults_shuriken, vaults_room_pools,
          nicolae_vaults_gold_heap, vaults_dpeg_encased_lava,
          nicolae_vaults_border_crossing
Vaults:3: vaults_mumra_hexcomb, v_pattern_5, ontoclasm_vaults_eye,
          nicolae_vaults_network_star, v_misc_32, vaults_mumra_chevron_long,
          ontoclasm_vaults_gateway, hangedman_vaults_restitches,
          ontoclasm_vaults_idyll, v_misc_17, serial_shops, shop, shop,
          uniq_mennas
Vaults:4: nicolae_vaults_puzzle_piece, nicolae_vaults_big_ls,
          hangedman_vaults_snaps, v_pattern_1, dpeg_vaults_waves,
          nicolae_vaults_angled_halls
Vaults:5: uniq_jorgrun
Crypt:1:  roderic_lattice_octagonal_star
Crypt:2:  uniq_boris, uniq_khufu
Crypt:3:  quadcrypt_mu
Tomb:2:   uniq_mara
Tomb:3:   uniq_frederick
Abyss:2:  minivault_13
Abyss:3:  doesnt_abyss_rune_brain_food
Lab:      labyrinth_mini_lab
Trove:    trove_jewel_2
Bailey:   bailey_axe_bossmonster_kennysheep, bailey
IceCv:    ice_cave_caverns_01

Skill      XL: |  1  2  3  4  5  6  7  8  9 10 11 12 13 14 15 16 17 18 19 20 21 22 23 |
---------------+----------------------------------------------------------------------+-----
Fighting       | 1 2 3 4 5 6 8 9 11 12 13 14 15 16 | 16.3
Unarmed Combat | 1 2 3 4 6 8 10 12 14 15 16 17 18 19 20 | 20.1
Ice Magic      | 3 |  3.5
Armour         | 1 3 4 |  4.0
Invocations    | 1 3 6 7 9 10 11 12 13 | 13.3
Dodging        | 3 5 6 16 | 16.0
Spellcasting   | 3 5 6 8 9 10 11 | 11.1
Transmutations | 4 5 8 10 | 10.4
Earth Magic    | 4 5 8 10 | 10.9
Translocations | 5 7 9 10 12 13 | 13.7
Evocations     | 2 4 5 |  5.1
Shields        | 1 7 11 14 15 | 15.3
Stealth        | |  1.5
Conjurations   | |  0.6

Action                   |  1- 3 |  4- 6 |  7- 9 | 10-12 | 13-15 | 16-18 | 19-21 | 22-24 || total
-------------------------+-------+-------+-------+-------+-------+-------+-------+-------++-------
Melee: Unarmed           |    55 |   111 |   352 |   612 |  1315 |   979 |   828 |   514 ||  4766
       Headbutt          |     5 |    19 |    83 |   132 |   273 |   192 |   215 |   115 ||  1034
       Punch             |       |     3 |     8 |    55 |   115 |    75 |    88 |       ||   344
       Kick              |       |       |       |       |       |       |    31 |       ||    31
Throw: Throwing net      |       |       |       |       |     1 |       |       |       ||     1
 Cast: Freeze            |    34 |    88 |    27 |       |       |       |       |       ||   149
       Throw Frost       |       |     1 |     5 |       |       |       |       |       ||     6
       Statue Form       |       |       |       |       |     1 |    55 |    44 |    31 ||   131
       Apportation       |       |       |       |       |       |    24 |    57 |    30 ||   111
       Blink             |       |       |       |       |       |     2 |       |     1 ||     3
       Passage of Golubr |       |       |       |       |       |       |    20 |       ||    20
       Lesser Beckoning  |       |       |       |       |       |       |     8 |       ||     8
       Passwall          |       |       |       |       |       |       |     1 |       ||     1
       Lee's Rapid Decon |       |       |       |       |       |       |       |     2 ||     2
Invok: Summon Divine War |       |       |       |     4 |     6 |     2 |     4 |       ||    16
       Divine Shield     |       |       |       |     4 |     8 |     4 |     1 |       ||    17
       Cleansing Flame   |       |       |       |     1 |     5 |    11 |     1 |    15 ||    33
 Abil: End Transformatio |       |       |       |       |       |    29 |    25 |    12 ||    66
       Stop Flying       |       |       |       |       |       |     1 |     1 |       ||     2
       Evoke Flight      |       |       |       |       |       |     1 |       |       ||     1
Evoke: Wand              |       |       |       |    11 |    11 |    12 |     2 |     4 ||    40
       Sack of spiders   |       |       |       |       |     7 |     5 |       |       ||    12
       Lamp of fire      |       |       |       |       |       |       |     3 |       ||     3
       Phantom mirror    |       |       |       |       |       |       |     1 |       ||     1
       Lightning rod     |       |       |       |       |       |       |     5 |       ||     5
       Box of beasts     |       |       |       |       |       |       |     1 |       ||     1
  Use: Scroll            |     2 |     7 |     6 |    18 |    12 |    26 |    15 |     7 ||    93
       Potion            |       |     1 |     1 |     9 |     5 |     5 |    16 |     7 ||    44
 Stab: Sleeping          |     1 |       |       |       |       |       |       |       ||     1
  Eat: Chunk             |     3 |    10 |    19 |    18 |    12 |    23 |     6 |     5 ||    96
       Royal jelly       |       |       |     4 |       |     4 |     2 |     3 |       ||    13
       Fruit             |       |       |       |     2 |    14 |     8 |     2 |     4 ||    30
       Bread ration      |       |       |       |       |       |     5 |     6 |     2 ||    13
       Meat ration       |       |       |       |       |       |       |       |     1 ||     1
Armor: Robe              |    11 |     3 |       |       |       |       |       |       ||    14
       Ring mail         |       |    51 |    78 |    18 |       |       |       |       ||   147
       Troll leather arm |       |       |       |    73 |   231 |    51 |    22 |     4 ||   381
       Skin              |       |       |       |    16 |     5 |   366 |   348 |   219 ||   954
Dodge: Dodged            |    45 |    74 |   190 |   358 |   641 |   917 |   926 |   473 ||  3624
Block: Other             |       |       |       |    23 |    69 |   111 |    57 |       ||   260
       Reflection        |       |       |       |       |       |       |     1 |       ||     1
       Shield            |       |       |       |       |       |       |    13 |   422 ||   435

Table legend:
 A = Spawn XP
 B = Non-spawn XP
 C = Spawn XP percentage of total XP
 D = Spawn monster count
 E = Non-spawn monster count
 F = Spawn count percentage of total count
 G = Total turns spent on level
                    A         B        C        D         E        F      G
               +---------+---------+-------+---------+---------+-------+---------
         Total |   15863 |  892958 |   1.7 |      37 |    1846 |   2.0 | 31901
               +---------+---------+-------+---------+---------+-------+---------
           D:1 |       0 |      74 |   0.0 |       0 |      22 |   0.0 |  1158
           D:2 |       0 |     115 |   0.0 |       0 |      28 |   0.0 |   671
           D:3 |       0 |     243 |   0.0 |       0 |      30 |   0.0 |  1077
           D:4 |       0 |     442 |   0.0 |       0 |      21 |   0.0 |   503
           D:5 |       0 |     490 |   0.0 |       0 |      21 |   0.0 |   802
           D:6 |       0 |    1421 |   0.0 |       0 |      33 |   0.0 |  1414
           D:7 |       0 |    1010 |   0.0 |       0 |      24 |   0.0 |   985
           D:8 |       0 |     572 |   0.0 |       0 |      19 |   0.0 |   310
           D:9 |       0 |    1995 |   0.0 |       0 |      27 |   0.0 |   571
          D:10 |       0 |    2789 |   0.0 |       0 |      36 |   0.0 |  1047
          D:11 |       0 |    5887 |   0.0 |       0 |      31 |   0.0 |  1065
          D:12 |       0 |    8367 |   0.0 |       0 |      57 |   0.0 |  1366
          D:13 |       0 |    9509 |   0.0 |       0 |      46 |   0.0 |  1002
          D:14 |       0 |    6176 |   0.0 |       0 |      24 |   0.0 |   741
          D:15 |       0 |    6723 |   0.0 |       0 |      18 |   0.0 |   801
        Lair:1 |       0 |    3737 |   0.0 |       0 |      32 |   0.0 |   596
        Lair:2 |       0 |    4702 |   0.0 |       0 |      26 |   0.0 |   496
        Lair:3 |       0 |    5756 |   0.0 |       0 |      25 |   0.0 |   516
        Lair:4 |       0 |    7728 |   0.0 |       0 |      28 |   0.0 |   727
        Lair:5 |       0 |    4590 |   0.0 |       0 |      16 |   0.0 |   469
        Lair:6 |       0 |   29033 |   0.0 |       0 |     121 |   0.0 |  1405
       Swamp:1 |       0 |    3383 |   0.0 |       0 |       9 |   0.0 |   155
       Swamp:2 |       0 |    7480 |   0.0 |       0 |      19 |   0.0 |   262
       Swamp:3 |       0 |    3838 |   0.0 |       0 |      13 |   0.0 |   227
       Swamp:4 |       0 |   28195 |   0.0 |       0 |      46 |   0.0 |   250
      Spider:1 |       0 |    8602 |   0.0 |       0 |      28 |   0.0 |   380
      Spider:2 |       0 |    7738 |   0.0 |       0 |      26 |   0.0 |   277
      Spider:3 |       0 |    3198 |   0.0 |       0 |      13 |   0.0 |   300
      Spider:4 |       0 |   30373 |   0.0 |       0 |      63 |   0.0 |   481
       Slime:1 |       0 |    5899 |   0.0 |       0 |       9 |   0.0 |    74
       Slime:2 |       0 |    4792 |   0.0 |       0 |       8 |   0.0 |    88
       Slime:3 |       0 |    6985 |   0.0 |       0 |      23 |   0.0 |    98
       Slime:4 |       0 |   19553 |   0.0 |       0 |      23 |   0.0 |   539
       Slime:5 |       0 |   41208 |   0.0 |       0 |      20 |   0.0 |   324
         Orc:1 |       0 |    3010 |   0.0 |       0 |      27 |   0.0 |   613
         Orc:2 |       0 |    9046 |   0.0 |       0 |      76 |   0.0 |  1504
         Elf:1 |       0 |   22542 |   0.0 |       0 |      40 |   0.0 |   761
         Elf:2 |       0 |   21373 |   0.0 |       0 |      33 |   0.0 |   405
         Elf:3 |       0 |   52919 |   0.0 |       0 |      48 |   0.0 |  1562
      Vaults:1 |       0 |    5018 |   0.0 |       0 |      11 |   0.0 |    93
      Vaults:2 |       0 |   44029 |   0.0 |       0 |      63 |   0.0 |   700
      Vaults:3 |       0 |   43509 |   0.0 |       0 |      47 |   0.0 |   502
      Vaults:4 |       0 |   10971 |   0.0 |       0 |      21 |   0.0 |   195
      Vaults:5 |       0 |  169497 |   0.0 |       0 |     144 |   0.0 |  1175
       Crypt:1 |       0 |   16953 |   0.0 |       0 |      33 |   0.0 |   123
       Crypt:2 |       0 |   35399 |   0.0 |       0 |      33 |   0.0 |   135
       Crypt:3 |       0 |   58362 |   0.0 |       0 |      62 |   0.0 |   629
        Tomb:1 |       0 |   58688 |   0.0 |       0 |      52 |   0.0 |   371
        Tomb:2 |       0 |   23638 |   0.0 |       0 |      47 |   0.0 |   193
        Tomb:3 |       0 |   12316 |   0.0 |       0 |      17 |   0.0 |    34
       Abyss:2 |     709 |       0 | 100.0 |       2 |       0 | 100.0 |    61
       Abyss:3 |   15154 |   16629 |  47.7 |      35 |      28 |  55.6 |   373
           Lab |       0 |     716 |   0.0 |       0 |       1 |   0.0 |   149
        Bailey |       0 |    1649 |   0.0 |       0 |      24 |   0.0 |   249
         IceCv |       0 |   14091 |   0.0 |       0 |      54 |   0.0 |   741
               +---------+---------+-------+---------+---------+-------+---------
